Map: Merry Go Round LE

Players

couchman

  • Race: Terran Terran
  • Spawn Location: 1:00

CBagRun

  • Race: Zerg Zerg
  • Spawn Location: 6:00

HORSES

  • Race: Zerg Zerg
  • Spawn Location: 11:00

VOD

Have the link to the VOD?

Description

Time

  • Played on: Dec. 12, 2021, 6:32 a.m.
  • Length: 14:44
Show
View Real Time Build Order
Export as new Build Order

couchman Terran 

Build Orders:  

Get SALT Encoding   

  12  0:00  SCV  
  13  0:12  SCV  
  14  0:19  Supply Depot  
  14  0:25  SCV  
  15  0:40  SCV  
  16  0:44  Refinery  
  16  0:53  SCV  
  17  1:03  Barracks  
  17  1:06  SCV  
  18  1:18  SCV  
  19  1:30  Command Center  
  19  1:33  SCV  
  20  1:45  SCV  
  21  1:51  Supply Depot  
  21  1:55  Barracks Tech Lab  
  21  1:57  SCV  
  21  1:59  Refinery  
  22  2:11  SCV  
  23  2:18  Combat Shield  
  23  2:23  SCV  
  24  2:35  SCV  
  25  2:48  Engineering Bay  
  25  2:49  SCV  
  26  2:51  SCV  
  26  2:56  Marine  
  28  3:01  SCV  
  28  3:03  SCV  
  30  3:13  SCV  
  30  3:14  Marine  
  30  3:15  SCV  
  30  3:19  Factory  
  33  3:25  Barracks, SCV  
  34  3:27  Terran Infantry Weapons Level 1  
  34  3:37  SCV  
  34  3:39  Orbital Command  
  35  3:45  Stimpack  
  35  3:47  Marine  
  36  3:49  SCV  
  37  4:01  SCV  
  38  4:05  Marine  
  39  4:10  Armory  
  39  4:13  SCV  
  39  4:16  SCV  
  41  4:23  Marine  
  42  4:26  SCV  
  42  4:29  SCV, Refinery  
  44  4:39  Hellion  
  46  4:46  Supply Depot  
  46  4:58  Starport  
  46  4:59  Bunker  
  46  5:08  SCV  
  46  5:10  Supply Depot  
  46  5:12  SCV  
  48  5:20  SCV  
  49  5:24  SCV  
  50  5:31  Bunker  
  50  5:32  SCV  
  50  5:33  Supply Depot  
  51  5:35  Barracks Reactor  
  51  5:36  SCV  
  51  5:37  Marine  
  53  5:45  Widow Mine  
  53  5:47  Starport Tech Lab, Command Center  
  53  5:48  SCV  
  53  5:49  Terran Ship Weapons Level 1  
  56  5:52  Terran Infantry Weapons Level 2  
  56  5:55  Marine  
  57  5:57  Supply Depot  
  57  6:00  SCV  
  58  6:06  Widow Mine  
  60  6:13  Marine  
  60  6:16  Command Center  
  61  6:19  Supply Depot  
  61  6:28  Hellion  
  61  6:31  Marine  
  62  6:45  Fusion Core  
  62  6:47  SCV  
  62  6:52  SCV  
  64  6:59  SCV  
  65  7:05  SCV  
  66  7:11  SCV  
  66  7:12  Starport  
  67  7:17  SCV  
  68  7:23  SCV  
  68  7:25  SCV  
  68  7:29  SCV  
  71  7:30  Marine x3  
  71  7:35  SCV  
  75  7:38  SCV  
  75  7:40  Widow Mine  
  75  7:41  SCV  
  75  7:43  Weapon Refit  
  79  7:46  Battlecruiser  
  79  7:48  Marine x3, Starport  
  79  7:49  Starport Tech Lab  
  79  7:50  SCV  
  89  8:01  Widow Mine  
  89  8:02  SCV  
  89  8:04  Barracks  
  92  8:06  Marine x3  
  92  8:08  Terran Infantry Armor Level 1  
  95  8:14  SCV  
  96  8:21  Refinery  
  96  8:24  Marine x3  
  96  8:27  Battlecruiser  
  105  8:30  Starport Tech Lab  
  105  8:40  SCV  
  106  8:42  Marine  
  107  8:51  Battlecruiser  
  107  8:52  SCV  
  114  9:02  Command Center  
  114  9:10  Supply Depot  
  114  9:31  Battlecruiser  
  114  9:32  Supply Depot  
  114  9:35  Terran Ship Weapons Level 2  
  120  9:55  Supply Depot  
  120  10:18  Supply Depot, SCV  
  120  10:21  Barracks Reactor  
  121  10:24  Bunker  
  121  10:28  Bunker  
  121  10:29  Command Center  
  121  10:30  Missile Turret, SCV  
  122  10:36  Battlecruiser  
  122  10:37  Battlecruiser  
  122  10:41  Supply Depot  
  122  10:42  SCV  
  125  10:57  SCV  
  125  10:59  Marine  
  125  11:00  Marine  
  125  11:03  Supply Depot  
  128  11:06  Orbital Command  
  128  11:09  SCV  
  131  11:21  SCV  
  123  11:50  SCV  
  109  12:02  SCV  
  89  12:29  Barracks  
  89  12:33  Marine x2  
  89  12:34  Marine  
  92  12:47  SCV  
  93  12:51  Marine x3  
  93  12:59  SCV  
  85  13:09  Marine x3  
  85  13:11  SCV  
  87  13:23  SCV  
  87  13:24  SCV  
  87  13:27  Marine x3  
  80  13:35  SCV  
  80  13:36  SCV  
  82  13:44  Marine  
  82  13:45  Marine x2  
  82  13:47  SCV  
  86  13:48  SCV  
  87  13:59  SCV, Command Center  
  87  14:02  Marine x2  
  88  14:03  Marine  
  91  14:12  SCV  
  92  14:18  Command Center  
  92  14:20  Marine x3  
  92  14:24  SCV  
  114  14:29  Bunker  
Show
View Real Time Build Order
Export as new Build Order

CBagRun Zerg 

Build Orders: Pool First 

Get SALT Encoding   

  13  0:13  Overlord  
  12  0:32  Drone  
  12  0:33  Drone x2  
  15  0:46  Drone  
  16  0:57  Spawning Pool  
  16  1:03  Drone  
  16  1:26  Drone x2  
  18  1:45  Extractor  
  18  1:46  Queen  
  19  1:54  Zergling x2  
  19  1:55  Zergling x4  
  22  2:12  Overlord  
  22  2:30  Queen  
  24  2:50  Drone x3  
  27  3:03  Zergling x6  
  30  3:21  Overlord  
  30  3:22  Overlord  
  30  3:40  Zergling x2  
  30  3:41  Zergling x6  
  34  3:50  Metabolic Boost  
  34  3:55  Queen  
  36  4:20  Drone x4  
  40  4:37  Hatchery  
  39  4:39  Zergling x2  
  40  5:01  Drone  
  40  5:02  Overlord  
  40  5:04  Zergling x4  
  43  5:17  Queen  
  45  5:27  Zergling x6  
  45  5:28  Zergling x2  
  49  5:46  Extractor  
  48  6:33  Zergling x4  
  48  6:34  Zergling x12  
  48  6:38  Queen  
  58  7:02  Drone x2  
  60  7:13  Overlord x2  
  60  7:14  Overlord  
  60  7:31  Queen  
  62  8:06  Queen  
  64  8:13  Zergling x10  
  69  8:32  Drone x3  
  72  8:42  Queen  
  74  8:55  Evolution Chamber  
  73  9:18  Queen  
  75  9:30  Zerg Melee Weapons Level 1  
  75  9:44  Zergling x4  
  75  9:45  Zergling x2  
  78  9:53  Extractor  
  78  9:58  Drone  
  78  9:59  Drone  
  79  10:17  Lair  
  67  11:17  Queen  
  66  11:19  Zergling x8  
  66  11:23  Zergling x8  
  66  11:25  Zerg Missile Weapons Level 1  
  55  11:52  Queen  
  57  12:28  Queen  
  52  13:04  Queen  
  52  13:05  Zergling x6  
  41  13:24  Drone x4  
  41  13:25  Drone x2  
  36  13:49  Drone  
  36  13:50  Drone x2  
Show
View Real Time Build Order
Export as new Build Order

HORSES Zerg 

Build Orders: Hatch First 

Get SALT Encoding   

  12  0:08  Drone  
  12  0:09  Drone  
  14  0:25  Overlord  
  14  0:26  Overlord  
  14  0:45  Drone x2  
  16  0:58  Hatchery  
  16  1:01  Drone  
  16  1:07  Overlord  
  16  1:16  Drone  
  17  1:19  Extractor  
  16  1:31  Spawning Pool  
  16  1:32  Drone  
  16  1:36  Drone  
  17  1:48  Drone  
  18  2:00  Drone  
  19  2:09  Drone  
  19  2:12  Drone  
  21  2:19  Queen  
  23  2:24  Zergling x2  
  24  2:43  Drone  
  24  2:44  Drone  
  26  2:46  Zergling x2  
  26  2:48  Queen  
  29  2:54  Drone  
  29  2:55  Drone x2, Queen  
  34  3:05  Drone  
  35  3:24  Queen  
  37  3:39  Zergling x2  
  37  3:40  Zergling x10  
  43  3:47  Drone  
  44  3:53  Overlord  
  44  4:02  Metabolic Boost  
  44  4:08  Drone, Extractor  
  44  4:11  Drone x2  
  44  4:12  Drone  
  47  4:31  Zergling x10  
  51  4:34  Overlord  
  51  4:38  Overlord x2  
  52  5:01  Evolution Chamber  
  52  5:06  Drone x2, Roach Warren  
  52  5:09  Drone  
  53  5:17  Drone x3  
  53  5:18  Drone  
  57  5:24  Extractor  
  56  5:30  Zergling x6  
  56  5:34  Lair  
  59  5:38  Zerg Ground Armor Level 1  
  59  5:46  Drone  
  61  6:25  Drone x2  
  61  6:26  Drone  
  61  6:28  Drone  
  64  6:35  Zergling x2  
  64  6:36  Zergling x10  
  70  6:46  Hatchery  
  69  6:56  Zergling x2  
  69  6:57  Zergling x2  
  71  7:09  Zergling x10  
  76  7:16  Extractor  
  76  7:21  Overlord  
  76  7:22  Overlord x2  
  75  7:26  Overlord x2  
  75  7:27  Overlord  
  75  7:32  Zerg Melee Weapons Level 1  
  75  7:37  Glial Reconstitution  
  75  7:47  Zergling x4  
  77  8:06  Drone  
  77  8:08  Queen  
  80  8:24  Drone  
  80  8:27  Roach x2  
  85  8:33  Drone  
  86  8:35  Drone x2  
  88  8:43  Zergling x2  
  88  8:48  Drone  
  90  8:54  Drone  
  90  8:55  Drone x2  
  93  9:03  Evolution Chamber  
  92  9:10  Spire  
  92  9:12  Zergling x6  
  92  9:15  Zergling x4  
  96  9:26  Zerg Missile Weapons Level 1  
  96  9:29  Spore Crawler  
  96  9:31  Drone x2  
  97  9:34  Queen  
  99  9:52  Infestation Pit  
  98  9:55  Zerg Melee Weapons Level 2  
  98  10:00  Infestation Pit  
  98  10:04  Zergling x2  
  98  10:05  Zergling x8  
  102  10:08  Overlord x4  
  102  10:10  Queen  
  102  10:13  Roach  
  106  10:22  Drone x3  
  106  10:28  Drone x3  
  112  10:39  Hive  
  112  10:41  Corruptor x2  
  116  10:45  Overlord  
  116  10:49  Zerg Flyer Weapons Level 1  
  116  11:11  Spore Crawler  
  116  11:17  Spore Crawler  
  114  11:20  Zerg Ground Armor Level 2  
  114  11:22  Corruptor x3  
  114  11:24  Spore Crawler  
  119  11:30  Roach x3  
  125  11:46  Zergling x4  
  106  12:19  Corruptor x4  
  106  12:20  Corruptor  
  98  12:38  Corruptor  
  30  13:18  Zergling x2  
  30  13:19  Zergling x10  
  20  13:37  Drone  
Tags
 
Add a new tag
Caveats
  • Supply blocks, unpowered buildings, or Contaminate may cause inaccurate times.
  • Supply counts are checked every 10 seconds.